Unix NetHack Version 5.0.0-0 post-release - last build May 17 2026 04:57:42 (dc50c8380fa5e20985bfe3072449f57b8d9895ef,branch:main).

Game began 2026-05-21 19:02:56, ended 2026-05-21 19:16:30.

DaveT, lawful male human Priest

                                        ----
                                 ---  ---..|
                               ---.-- |....--
                              --....| |.|...|
                    ----      |.....| |.|--.|
                  -....--     |.....|--.| |.| ---
                  ----..-- -----...-|...| |.---.--- --------
                   |.....| |..)%...--.--- |..|<..............-----
                   --....| |^*---.....|   |....)....-----------..---
                    |'|..| |%-| -------   |..|.|....| --.`|.--.....|
                    |@|-.|-|%.|---        ---|.|-.-----............--
                    |.||.|.|[.|-.---- ---    |.---- |........|......--
                    |.||......|...|.---.|    |..----|....%..----.|...|
                    |.||-...............|    --.....#.---.-------|...|
                    |.||........----.|..|     ----...-- ---|..-- --..--
                    |.|--.......|  ------       |.^..|     |...----...|
                    |.| ---....--               --...|    --.........--
                   --.|   --...|                 |...--   |.........--
                   |..|    |..--                 --...|   --.....----
                   |.`|    ----                   --..|    ----..|
                   ---                             ----       ----
DaveT the Adept              St:11 Dx:13 Co:13 In:16 Wi:18 Ch:9  Lawful
Dlvl:6  $:46 HP:0(53) Pw:18(74) AC:1  Xp:6 T:2702  Burdened

Latest messages:
 The gold golem hits!
 You hit the gold golem.
 The gold golem hits!
 The gold golem hits again!
 The gold golem just misses!
 The gold golem hits!
 You hit the gold golem.
 You hit the gold golem.
 The gold golem hits!
 The gold golem hits again!
 You hit the gold golem.
 The gold golem hits!
 The gold golem misses!
 You hit the gold golem.
 The gold golem hits!
 The gold golem hits again!
 In what direction? .
 You feel better.
 In what direction? .
 You feel better.
 The gold golem misses!
 The gold golem misses!
 In what direction? .
 You feel better.
 The gold golem hits!
 The gold golem hits again!
 You miss the gold golem.
 The gold golem hits!
 The gold golem hits again!
 You miss the gold golem.
 The gold golem hits!
 The gold golem hits again!
 The gold golem hits!
 The gold golem misses!
 You hit the gold golem!
 The gold golem hits!
 The gold golem misses!
 You miss the gold golem.
 You hit the gold golem!
 The gold golem hits!
 The gold golem hits again!
 The gold golem hits!
 The gold golem hits again!
 Are you sure you want to pray? [yn] (n) y
 You begin praying to Anu.
 The gold golem hits!
 The gold golem hits again!
 You die...
 Do you want your possessions identified? [ynq] (y) y
 Do you want to see your attributes? [ynq] (y) q

Inventory:
 Coins    ('$')
  $ - 46 gold pieces
 Amulets  ('"')
  J - a cursed amulet of flying
 Weapons  (')')
  B - 9 +0 darts (at the ready)
  D - a +0 dagger
  G - a +0 aklys
  x - the +2 Demonbane
  a - a blessed +1 mace (weapon in right hand)
 Armor    ('[')
  M - a +0 orcish helm (being worn)
  c - a +0 small shield (being worn)
  b - a +2 robe (being worn)
  k - a blessed +1 leather armor (being worn)
 Comestibles  ('%')
  e - a clove of garlic
  n - a food ration
  f - 2 sprigs of wolfsbane
 Scrolls  ('?')
  A - a scroll of identify
  I - a cursed scroll of identify
  i - a scroll of scare monster
  z - a scroll of scare monster
 Spellbooks  ('+')
  h - a spellbook of detect unseen
  g - a spellbook of healing
  K - a cursed spellbook of slow monster
 Potions  ('!')
  d - 4 potions of holy water
  v - a potion of water
 Tools    ('(')
  E - a +0 pick-axe
  H - a stethoscope
  L - a towel
 Gems/Stones  ('*')
  o - an opal

DaveT the Priest's attributes:

Background:
 You were an Adept, a level 6 human Priest.
 You were lawful, on a mission for Anu
 who was opposed by Ishtar (neutral) and Anshar (chaotic).
 You were right-handed.
 You were in the Gnomish Mines, on level 6.
 You entered the dungeon 2702 turns ago.
 You had 381 experience points, 259 more were needed to attain level 7.

Basics:
 You had 0 out of 53 hit points.
 You had 18 out of 74 energy points (spell power).
 Your armor class was 1.
 Your wallet contained 46 zorkmids.
 Autopickup was off.

Final Characteristics:
 Your strength was 11 (limit:18/100).
 Your dexterity was 13 (limit:18).
 Your constitution was 13 (limit:18).
 Your intelligence was 16 (limit:18).
 Your wisdom was 18 (limit:18).
 Your charisma was 9 (limit:18).

Final Status:
 You weren't hungry.
 You were burdened; movement was slightly slowed.
 You were wielding a mace.
 You had basic skill with mace and could have enhanced that.

Final Attributes:
 You were piously aligned.
 You were telepathic.
 You were guarded.
 Your spell casting was enhanced by wearing a robe.
 You are dead.

Miscellaneous:
 You encountered 1 bones level.
 Total elapsed playing time was 13 minutes and 33 seconds.

Major events:
 Turn
    1: DaveT the lawful human Priest entered the dungeon
 1118: attained the rank of Acolyte (level 3)
 1453: was bestowed with Demonbane by Anu
 1702: entered the Gnomish Mines
 2430: attained the rank of Adept (level 6)
 2702: killed by a gold golem, while praying

Spells:
 Name                 Level Category     Fail Retention
 healing                1   healing        0%  76%-100%
 detect unseen          3   divination    73%  76%-100%
 create monster         2   clerical       0%  91%-100%

Skills:
 Fighting Skills
   bare handed combat [Unskilled]
 Weapon Skills
   club               [Unskilled]
   mace               [Basic]
   morning star       [Unskilled]
   flail              [Unskilled]
   hammer             [Unskilled]
   quarterstaff       [Unskilled]
   polearms           [Unskilled]
   spear              [Unskilled]
   trident            [Unskilled]
   lance              [Unskilled]
   bow                [Unskilled]
   sling              [Unskilled]
   crossbow           [Unskilled]
   dart               [Unskilled]
   shuriken           [Unskilled]
   boomerang          [Unskilled]
   unicorn horn       [Unskilled]
 Spellcasting Skills
   healing spells     [Unskilled]
   divination spells  [Unskilled]
   clerical spells    [Basic]

Voluntary challenges:
 Character rerolling was not enabled.
 You never genocided any monsters.
 You never polymorphed an object.
 You never changed form.
 You used no wishes.
Achievements:
 You attained the rank of Acolyte.
 You entered the Gnomish Mines.
 You attained the rank of Adept.

 The Dungeons of Doom: levels 1 to 4
    Level 1:
       An altar to Anu.
    Level 2:
       A fountain.
    Level 3:
       A fountain.
    Level 4:
       Stairs down to The Gnomish Mines.
 The Gnomish Mines: levels 5 to 6
    Level 5:
    Level 6: <- You were here.
       Final resting place for
          you, killed by a gold golem, while praying,
          pam-Wiz-Hum-Fem-Neu, killed by a gnome king.


Vanquished creatures:
  a gnome ruler
  4 Mordor orcs
  2 gnome leaders
  2 gnomish wizards
  a floating eye
  2 dwarves
  a kobold leader
  3 rothes
  a giant bat
  2 orc zombies
 an acid blob
  a gas spore
  a large kobold
  a brown mold
  2 yellow molds
 11 gnomes
  2 geckos
  2 jackals
  a sewer rat
  7 grid bugs
  7 lichens
  2 kobold zombies
  5 newts
62 creatures vanquished.

No species were genocided or became extinct.

Game over:
                       ----------
                      /          \
                     /    REST    \
                    /      IN      \
                   /     PEACE      \
                  /                  \
                  |      DaveT       |
                  |      46 Au       |
                  | killed by a gold |
                  |      golem       |
                  |                  |
                  |                  |
                  |       2026       |
                 *|     *  *  *      | *
        _________)/\\_//(\/(/\)/\//\/|_)_______

Goodbye DaveT the Priest...

You died in The Gnomish Mines on dungeon level 6 with 1846 points,
and 46 pieces of gold, after 2702 moves.
You were level 6 with a maximum of 53 hit points when you died.

